 Dungeon Crawl Stone Soup version 0.18-a0-1805-g8ab820f (webtiles) character file.

27 namelastname112 the Conjurer (level 2, -1/20 HPs)
             Began as a Draconian Conjurer on Apr 25, 2016.
             Slain by a gnoll
             ... wielding a +0 spear
              (2 damage)
             ... on level 2 of the Dungeon.
             The game lasted 00:01:56 (855 turns).

namelastname112 the Conjurer (Draconian Conjurer)    Turns: 855, Time: 00:01:57

Health: -1/20      AC:  4    Str: 10    XL:     2   Next: 93%
Magic:  5/5        EV: 12    Int: 15    God:
Gold:   45         SH:  0    Dex: 11    Spells: 2 memorised, 3 levels left

rFire  . . .     SeeInvis .     l - +3 dagger (venom)
rCold  . . .     Gourm    .     (armour unavailable)
rNeg   . . .     Faith    .     (no shield)
rPois  .         Spirit   .     (helmet restricted)
rElec  .         Dismiss  .     (no cloak)
rCorr  +         Reflect  .     (no gloves)
SustAt .         Harm     .     (no boots)
MR     .....                    (no amulet)
Stlth  ++........               (no ring)
                                k - ring of resist corrosion

@: not resistant to hostile enchantments, unstealthy
A: unfitting armour, cold-blooded, AC +4
a: no special abilities


You were on level 2 of the Dungeon.
You were not hungry.

You visited 1 branch of the dungeon, and saw 2 of its levels.

You collected 45 gold pieces.

Inventory:

Hand Weapons
 l - a +3 dagger of venom (weapon)
Jewellery
 k - a ring of resist corrosion (left hand)
Scrolls
 d - 2 scrolls of noise {unknown}
 e - 2 scrolls of teleportation {unknown}
 h - a scroll of identify {unknown}
Potions
 g - a potion of curing {unknown}
 i - a potion of invisibility {unknown}
Books
 a - a book of Conjurations

   Spells                             Type                      Level
   a - Magic Dart                     Conjuration                  1
   b - Searing Ray                    Conjuration                  2
   c - Dazzling Spray                 Conjuration/Hexes            3
   d - Fulminant Prism                Conjuration/Hexes            4
   e - Iskenderun's Mystic Blast      Conjuration                  4
   f - Iskenderun's Battlesphere      Conjuration/Charms           5
Comestibles
 b - 2 bread rations
 f - a meat ration
 j - a royal jelly


   Skills:
 - Level 1.7 Dodging
 - Level 1.7 Stealth
 + Level 2.6 Spellcasting
 + Level 4.4 Conjurations


You had 3 spell levels left.
You knew the following spells:

 Your Spells              Type           Power        Failure   Level  Hunger
x - Searing Ray           Conj           ###...       6%          2    ##.....
z - Magic Dart            Conj           ###.         3%          1    #......


Dungeon Overview and Level Annotations

Branches:
Dungeon (2/15)

Altars:
Ashenzari


Innate Abilities, Weirdness & Mutations

Your plain brown scales are hard (AC +4).
Your body does not fit into most forms of armour.
You are cold-blooded and may be slowed by cold attacks.


Message History

MP restored: 5
Found 2 amethyst potions.
A hobgoblin comes into view. It is wielding a club.
The gnoll misses you. The hobgoblin closely misses you.
The gnoll shouts!
You hear a shout!
The gnoll misses you.
The gnoll hits you from afar with a spear.
The hobgoblin hits you with a club.
You take 3 damage, and have 8/20 hp.
The gnoll closely misses you.
The kobold throws a stone.
The stone barely misses you.
You see here a stone.
A hobgoblin comes into view. It is wielding a club.
The hobgoblin shouts!
The gnoll hits you!
* * * LOW HITPOINT WARNING * * *
You take 8 damage, and have 1/20 hp.
MASSIVE DAMAGE!!
The gnoll hits you from afar with a spear.
You die...

##....(#....
#######..####.#
#.....r.....#.##
#...........#.K#
#...g.......##.#
#...........##.#
#.g.K.......##g#
#.gg...........#
#@..........####
#............!.....
#......g............
#.................##
#.................#
#.......########...
#.......# ###
#.......#


You could see 3 gnolls, 2 hobgoblins, a kobold and a rat.

Vanquished Creatures
  An ooze (D:1)
  2 giant geckos (D:1)
  3 bats (D:1)
  A giant cockroach (D:2)
  2 goblins (D:1)
  3 hobgoblins
  3 giant newts
  3 kobolds
  3 rats (D:1)
21 creatures vanquished.

Notes
Turn   | Place    | Note
--------------------------------------------------------------
     0 | D:1      | namelastname112 the Draconian Conjurer began the quest for the Orb.
     0 | D:1      | Reached XP level 1. HP: 14/14 MP: 3/3
    72 | D:1      | barb4r1an: добрый день я молтен дракон
   225 | D:1      | namelastname112: самый хуевый цвет
   262 | D:1      | Reached XP level 2. HP: 20/20 MP: 0/5
   266 | D:1      | Learned a level 2 spell: Searing Ray
   266 | D:1      | crauler: no streak no mottled
   320 | D:1      | namelastname112: ^
   826 | D:2      | Found a shattered altar of Ashenzari.
   853 | D:2      | HP: 1/20 [gnoll (8)]
   855 | D:2      | Slain by a gnoll

Vault maps used:
D:1:      minmay_arrival_hallway
D:2:      nicolae_ashenzari_panopticon

Action                   || total
-------------------------++-------
Melee: Unarmed           ||     6
       Short sword       ||    15
       Tailslap          ||     1
 Cast: Magic Dart        ||    33
 Stab: Sleeping          ||     1
Armor: Skin              ||     9
Dodge: Dodged            ||    26
